Cogmind - Beta 13 @@@ ROGUE MODE // 2024.04.04 @ 08:04:53 Player: applejuice Result: Self-destructed Performance ------------- Evolutions (1) 500 Regions Visited (2) 400 Robots Destroyed (43) 215 Value Destroyed (1110) 1110 Prototype IDs (0) 0 Alien Tech Used (0) 0 Bonus (43) 43 TOTAL SCORE: 2268 Bonus ------- High Alert Combat Kills 43 Cogmind --------- Core Integrity 22/400 Matter 300/300 Energy 160/160 System Corruption 1% Temperature Cool (0) Movement Treading (160) Location -9/Materials Parts ------- > --- POWER (1) -------- Light Nuclear Core > --- PROPULSION (3) --- Light Treads Light Treads Light Treads > --- UTILITY (3) ------ Heat Sink Large Storage Unit > --- WEAPON (2) ------- Assault Rifle Heavy Assault Rifle > --- INVENTORY (15) --- Ion Engine Light Ion Engine Aluminum Leg Aluminum Leg Small Laser Light Assault Rifle Datajack Peak State ------------ > --- POWER ------------ Light Nuclear Core > --- PROPULSION ------- Light Treads Light Treads Aluminum Leg > --- UTILITY ---------- Heat Sink Large Storage Unit > --- WEAPON ----------- Assault Rifle Heavy Assault Rifle > --- INVENTORY -------- Ion Engine Light Ion Engine Aluminum Leg Small Laser Light Assault Rifle Datajack [Rating: 11] Favorites ----------- Power Ion Engine Engine Ion Engine Power Core Light Nuclear Core Propulsion Light Treads Treads Light Treads Leg Aluminum Leg Utility Small Storage Unit Device Heat Sink Storage Small Storage Unit Protection Light Armor Plating Weapon Assault Rifle Energy Gun EM Pulse Gun Ballistic Gun Assault Rifle Ballistic Cannon Light Cannon Build | -11 -10 -9 ------- Run | Yrd Mat Mat Slots Evolved 2 | . . 2 Power . | . . . Propulsion 1 | . . 1 Utility 1 | . . 1 Weapon . | . . . Parts Attached 28 | 5 2 21 Power 3 | 1 . 2 Engine 2 | 1 . 1 Core 1 | . . 1 Reactor . | . . . Propulsion 11 | 2 . 9 Treads 9 | 2 . 7 Leg 2 | . . 2 Wheel . | . . . Hover . | . . . Flight . | . . . Utility 5 | 1 1 3 Device 1 | . . 1 Storage 3 | 1 . 2 Processor . | . . . Hackware . | . . . Protection 1 | . 1 . Artifact . | . . . Weapon 9 | 1 1 7 Energy Gun 2 | . . 2 Energy Cannon . | . . . Ballistic Gun 6 | 1 1 4 Ballistic Cannon 1 | . . 1 Launcher . | . . . Special Weapon . | . . . Impact Weapon . | . . . Slashing Weapon . | . . . Piercing Weapon . | . . . Special Melee Weapon . | . . . Unidentified Prototypes . | . . . Corrupted Parts 1 | . . 1 System Corruption 1 | . . 1 Parts Lost 12 | . 1 11 Power 2 | . 1 1 Propulsion 4 | . . 4 Utility 1 | . . 1 Weapon 5 | . . 5 Highest Loss Streak 6 | . 1 6 To Critical Strikes . | . . . Average Slot Usage (%) 73 | . 85 68 Engine 3 | . 7 1 Core 3 | . . 4 Treads 26 | . 28 25 Leg 1 | . . 1 Device 2 | . . 3 Storage 12 | . 14 11 Protection 2 | . 8 . Energy Gun 3 | . . 4 Ballistic Gun 18 | . 25 15 Naked Turns . | . . . Heaviest Build 31 | 12 17 31 Greatest Support 60 | 40 40 60 Greatest Overweight (x) 2 | 2 . 2 Average Overweight (x) . | . . . Largest Inventory Capacity 15 | 8 8 15 Average Capacity 10 | 6 8 11 Most Carried 9 | 3 6 9 Average Carried 5 | 1 5 6 Final Capacity 15 | 8 8 15 Final Carried 7 | 3 6 7 Class Distribution -------------------- 73% | Mutant 26% | Scavenger-Mutant Dominant Class ---------------- Mutant | -10/Materials Mutant | -9/Materials Resources | -11 -10 -9 ----------- Run | Yrd Mat Mat Matter Collected 915 | 208 237 470 Remotely . | . . . Salvage Created 1452 | . 316 1136 Parts 97 | . 21 76 Haulers Intercepted . | . . . Recyclers Shooed 1 | . 1 . Parts Field Recycled . | . . . Retrieved Matter . | . . . Parts Self-Destructed . | . . . Prevented . | . . . Kills | -11 -10 -9 ------- Run | Yrd Mat Mat Combat Hostiles Destroyed 37 | . 12 25 Guns 35 | . 12 23 Cannons 1 | . . 1 Classes Destroyed 8 | . 2 6 Worker 1 | . . 1 Builder 1 | . . 1 Recycler 1 | . . 1 Operator 1 | . . 1 Watcher 2 | . . 2 Swarmer 13 | . 6 7 Grunt 19 | . 6 13 Sentry 5 | . . 5 Best Kill Streak 11 | . 6 11 Combat Bots Only 7 | . 6 7 Max Kills in Single Turn 2 | . 2 2 Gunslinging 1 | . 1 1 Exploded . | . . . Melee . | . . . Uniques/NPCs Destroyed . | . . . Combat | -11 -10 -9 -------- Run | Yrd Mat Mat Hostile Shots Fired 252 | . 66 186 Missed 57 | . 15 42 Damage Taken 2171 | . 530 1641 Core 455 | . 77 378 Absorbed by Shields . | . . . Core Remaining (%) 84 | 100 69 . Volleys Fired 110 | . 31 79 Largest 2 | . 2 2 Hottest 75 | . 40 75 Shots Fired 199 | . 62 137 Gun 189 | . 62 127 Cannon 10 | . . 10 Launcher . | . . . Special . | . . . Kinetic 164 | . 62 102 Thermal 4 | . . 4 Explosive . | . . . Electromagnetic 31 | . . 31 Robot Hit Streak 19 | . 19 8 Robot Miss Streak 3 | . 3 2 Penetration Max . | . . . Secondary Targets 6 | . 3 3 Max Gunslinging Chain 1 | . 1 1 Shots Hit Robots 143 | . 47 96 Core Hits 64 | . 18 46 Critical Kills 1 | . . 1 Critical Parts Destroyed . | . . . Critical Strikes 1 | . . 1 Destroy 1 | . . 1 Melee Attacks . | . . . Impact . | . . . Slashing . | . . . Piercing . | . . . Sneak Attacks . | . . . Combat Hostiles . | . . . Follow-up Attacks . | . . . Damage Inflicted 1933 | . 609 1324 Guns 1805 | . 609 1196 Cannons 126 | . . 126 Explosions . | . . . Melee . | . . . Ramming 2 | . . 2 Kinetic 1590 | . 609 981 Thermal 33 | . . 33 Explosive . | . . . Electromagnetic 308 | . . 308 Impact . | . . . Slashing . | . . . Piercing . | . . . Highest Corruption 1 | . . 1 Average Corruption 1 | . . 1 Corruption Purged . | . . . Corruption Blocked . | . . . Effects 1 | . . 1 Message Errors 1 | . . 1 Overload Shots . | . . . Overflow Damage . | . . . Projectiles . | . . . Explosions . | . . . Melee . | . . . Knockbacks . | . . . Impact . | . . . Kinetic . | . . . Secondary . | . . . Self-Inflicted Damage . | . . . Shots . | . . . Rammed 4 | . . 4 Targets Rammed 4 | . . 4 Kicked . | . . . Crushed . | . . . Highest Temperature 45 | . 6 45 Average Temperature 14 | . 2 16 Received Heat Transfer 795 | . 186 609 Siege Activations . | . . . Robots Corrupted 1 | . . 1 Combat Hostiles 1 | . . 1 Parts Fried . | . . . Impact Corruptions . | . . . Robots Melted . | . . . Combat Hostiles . | . . . Parts Melted . | . . . Heat Transferred 75 | . . 75 Parts Sabotaged . | . . . Parts Stolen . | . . . Parts Stripped . | . . . Power Chain Reactions . | . . . Alert | -11 -10 -9 ------- Run | Yrd Mat Mat Peak Influence 563 | . 340 563 Initial 59 | . . 59 Average 231 | . 153 281 Maximum Alert Level 2 | . 1 2 Low Security (%) 48 | 100 69 36 Level 1 29 | . 30 31 Level 2 21 | . . 32 Level 3 . | . . . Level 4 . | . . . Level 5 . | . . . High Security . | . . . Max Security . | . . . Squads Dispatched 8 | . 2 6 Investigation 5 | . 2 3 Extermination . | . . . Reinforcement 3 | . . 3 Assault . | . . . Garrison . | . . . Intercept . | . . . Searches Triggered . | . . . Construction Impeded . | . . . Haulers Reinforced . | . . . Active Scanning Responses . | . . . Cargo Convoy Interrupts . | . . . Stealth | -11 -10 -9 --------- Run | Yrd Mat Mat Distress Signals 4 | . . 4 Communications Jammed . | . . . Distress Signals . | . . . Times Spotted 50 | . 15 35 Peak Tracking Total 7 | . 6 7 Tactical Retreats 1 | . . 1 Traps | -11 -10 -9 ------- Run | Yrd Mat Mat Traps Triggered . | . . . Indirectly . | . . . Trap Hack Attempts . | . . . Triggered . | . . . Disarmed . | . . . Reprogrammed . | . . . Reused . | . . . Traps Extracted . | . . . Installed . | . . . Triggered . | . . . Objects Rigged 2 | . . 2 Machines | -11 -10 -9 ---------- Run | Yrd Mat Mat Machines Disabled 1 | . . 1 Max in Single Turn 1 | . . 1 Machines Repaired . | . . . Machines Dismantled . | . . . Machines Sabotaged . | . . . Overloaded Fab Kills . | . . . Hacking | -11 -10 -9 --------- Run | Yrd Mat Mat Machines Accessed 6 | . 1 5 Terminals 4 | . . 4 Fabricators . | . . . Repair Stations . | . . . Recycling Units 2 | . 1 1 Scanalyzers . | . . . Garrison Access . | . . . Total Hacks 19 | . 3 16 Successful 11 | . 2 9 Failed 8 | . 1 7 Catastrophic 1 | . . 1 Database Lockouts . | . . . Manual 22 | . 5 17 Terminals 13 | . . 13 Fabricators . | . . . Repair Stations . | . . . Recycling Units 6 | . 3 3 Scanalyzers . | . . . Garrison Access . | . . . Terminal Hacks 1 | . . 1 Locate Traps 1 | . . 1 Fabricator Hacks . | . . . Repair Station Hacks . | . . . Recycling Unit Hacks 2 | . 1 1 Retrieve Components 2 | . 1 1 Scanalyzer . | . . . Garrison Access Hacks . | . . . Unauthorized Hacks 8 | . 1 7 Terminals 6 | . . 6 Track 3 | . . 3 Detonate 1 | . . 1 Operators 1 | . . 1 Sabotage 1 | . . 1 Fabricators . | . . . Repair Stations . | . . . Recycling Units 2 | . 1 1 Tunnel 2 | . 1 1 Scanalyzers . | . . . Garrison Access . | . . . Data Cores Recovered . | . . . Used . | . . . Hacking Detections 6 | . 2 4 Full Trace Events 3 | . 1 2 Feedback Events . | . . . Feedback Blocked . | . . . Robot Schematics Acquired . | . . . Robots Built . | . . . Authchips . | . . . Time . | . . . Total Robot Build Rating . | . . . Part Schematics Acquired . | . . . Parts Built . | . . . Authchips . | . . . Time . | . . . Total Part Build Rating . | . . . Parts Repaired . | . . . Time . | . . . Parts Recycled . | . . . Recycled Matter . | . . . Retrieved Matter . | . . . Retrieved Components 12 | . 3 9 Parts Scanalyzed . | . . . Part Schematics Acquired . | . . . Parts Damaged . | . . . Bothacking | -11 -10 -9 ------------ Run | Yrd Mat Mat Used RIF Installer . | . . . Robots Hacked . | . . . Non-combat . | . . . Combat . | . . . Robot Hacks Applied . | . . . Relay Couplers Released . | . . . Fabnet Peak Effective % . | . . . Robots Rewired . | . . . Allies Hacked . | . . . Hacks Repelled . | . . . Allies | -11 -10 -9 -------- Run | Yrd Mat Mat Total Allies . | . . . Largest Group . | . . . Highest-Rated Group . | . . . Highest-Rated Ally . | . . . Total Orders . | . . . Ally Attacks . | . . . Total Damage . | . . . Kills . | . . . Allies Corrupted . | . . . Allies Melted . | . . . Intel | -11 -10 -9 ------- Run | Yrd Mat Mat Robot Analysis Total . | . . . Derelict Logs Recovered . | . . . Drone Launches . | . . . Drone Recoveries . | . . . Exploration | -11 -10 -9 ------------- Run | Yrd Mat Mat Turns Passed 1395 | 64 403 928 Spaces Moved 599 | 36 184 379 Core 4 | 4 . . Treads 591 | 32 184 375 Legs 4 | . . 4 Wheels . | . . . Hover . | . . . Flight . | . . . Fastest Speed 50 | 50 160 160 Average Speed 161 | 151 160 162 Slowest Speed 260 | 160 160 260 Overloaded Moves . | . . . Propulsion Burnouts . | . . . Robots Hopped . | . . . Cave-ins Triggered . | . . . Exploration Rate (%) 26 | 5 38 36 Regions Visited 2 Branch Regions . Pre-discovered Areas 2 | . 1 1 Known Exits Taken . | . . . Unknown Exits Taken 2 | 1 1 . Scrap Searched . | . . . Spaces Dug . | . . . Terrain Destroyed . | . . . Melee . | . . . Projectile . | . . . AOE . | . . . Terrain Rammed . | . . . Walls Destroyed . | . . . Machines Disabled . | . . . Actions | -11 -10 -9 --------- Run | Yrd Mat Mat Total 819 | 43 230 546 Wait 62 | . 10 52 Move 597 | 35 183 379 Hop . | . . . Pick Up 13 | 3 4 6 Fast Attach 15 | 5 1 9 Attach 9 | . 1 8 Detach 3 | . . 3 Swap 4 | . . 4 Drop 2 | . . 2 Fire 110 | . 31 79 Melee . | . . . Ram . | . . . Kick . | . . . Crush 4 | . . 4 Escape Stasis . | . . . Rewire . | . . . Trap . | . . . Miscellaneous . | . . . Route ------- -11/Scrapyard -10/Materials -9/Materials (discovered 1 exit: [*Mat]) History --------- Turn | Location | Event 9 | -11/Scrapyard | Discovered new exit (range 15) 65 | -11/Scrapyard | Entered Materials 312 | -10/Materials | Build established: Mutant 455 | -10/Materials | Discovered new exit (range 3) 468 | -10/Materials | Entered another Materials area 468 | -9/Materials | Evolved 2 slots: Propulsion x1, Utility x1 806 | -9/Materials | Discovered new exit (range 10) 963 | -9/Materials | Core integrity fell below 50% 986 | -9/Materials | Core integrity fell below 20% 1001 | -9/Materials | Lost 6 parts (1p3n2w) 1029 | -9/Materials | Destroyed 7 combat bots 1327 | -9/Materials | Build established: Scavenger-Mutant 1396 | -9/Materials | Self-destructed Last Messages --------------- LTCZ0PR8OE: Nuclear Reactor 9867DDAI89: Nuclear Reactor Infected machine control systems. 01246_ Connecting with Terminal... >>Trojan(Track) Trojan loaded successfully. Testing... Tracking enabled and active. >>Force(Sabotage) SYSTEM_VULNERABLE[Neutrino Reactor] NETWORK_OVERLOAD_FAIL 01246_ ALERT: Suspicious activity at Terminal M005. Dispatching Investigation squad. 01297_ G-34 Mercenary destroyed. 01316_ Acquired 36 matter. 01396_ Connecting with Terminal... >>Trojan(Track) Trojan loaded successfully. Testing... Tracking enabled and active. Map ----- +----------------------------------------------------+ | | | | | | | | | | | | | | | | | | | | | | | ?????????????????????????????????????????????????? | | ?????????????????????????????????????????????????? | | ?????????????????????????????????????????????????? | | ?????????????????????????????????????????????????? | | ?????????????????????????????????????????????????? | | ?????????????????????????????????????????????????? | | ??????????##########?????????????????????????????? | | ??????????# #?????????????????????????????? | | ??????????# #?????????????????????????????? | | ??????????# #???########??????????????????? | | ??????????# |!! #???# #??????????????????? | | ??????????# |!! #???# """#??????????????????? | | ??????##### !!! #???#" """#??????????????????? | | ###???# # =#???#T """#??????????????????? | | ! ##??# < # #???#"@ #??????????????????? | | !#??# # %= #???# #??????????????????? | | #??# ###+#############+##############???????? | | % #### ????? | | % ????? | | % % ????? | | #############+#############################??????? | | ??????# ! % #?????????????????????? ????? | | ??????# ! =""""" #?????????????????????? ""? | | ??????# [ """"" ####################### | | ??????# """""%+ | | ??????# ######## | | ??????# #??????## #####+####### # | | ??????###############???????# #?? ????# ???? | | ????????????????????????????# #?# #??# ???? | | ???####?????????????????????# #?# """" #??# #???? | | # ###???????????????????# #?# """" #??# #???? | | ??????????????????# #?#^"""" #??# #???? | | ??????????????????# #?# #??# #??## | | ??????????????????# #?########??# #??# | | # #???????????????#######+#########???# #??# | | ?## ###???????????????# # ##### #### | | ????#?????????????????# ==! # # | | ??????????????????????# """ =/! # !*+% | | ??????????????????????# """ =! # o #! | +----------------------------------------------------+ Best States ------------- Heat Dissipation 38 Energy Generation 14 Energy Capacity 250 Matter Stores 300 Matter Capacity 300 Sight Range 16 Terrain Scan Density 10 Armor Coverage 150 Evasion (%) 40 Recoil Reduction 3 Item Schematics ----------------- None Robot Schematics ------------------ None Fabricated ------------ Nothing Alien Tech Used ----------------- None Achievements -------------- Brute Force True Hacker Challenges ------------ None Game ------ Seed PointAntimissileCutter Manual? 0 Play Time 00:21:45 Cumulative 6.6 hours Start 2024.04.04 @ 07:37:43 End 2024.04.04 @ 08:04:53 Sessions 1 Manual Loads 0 Difficulty Rogue Special Mode None Game No. 5 Rogue 5 Adventurer 0 Explorer 0 Win Type - Total 0 Types 0/0/0/0/0/0/0/0/0 Lore% 6 Gallery% 11 Achievement% 13 Wizard Run 0 Options --------- Layout 1 ASCII 0 Keyboard 1 Movement Numpad Keybinds 0 Fullscreen 1 Font 48/Smallcaps Map View 50x35 Zoom Use 0% Tactical HUD 1 Map Filters NONE Filters NONE Steam 1 RUN: 0745dfc3-857d-4010-9ebc-a2d3a3b36875